 Dungeon Crawl Stone Soup version 0.18-a0-1551-g40744a8 (webtiles) character file.

131 SlimeFever the Skirmisher (level 4, -5/37 HPs)
             Began as a Demonspawn Abyssal Knight on Mar 11, 2016.
             Was a Believer of Lugonu.
             Killed by divine providence
             ... invoked by an orc priest
              (12 damage)
             ... on level 3 of the Dungeon.
             The game lasted 00:17:11 (2007 turns).

SlimeFever the Skirmisher (DsAK)                    Turns: 2007, Time: 00:17:13

Health: -5/37      AC:  4    Str: 13    XL:     4   Next: 91%
Magic:  5/5        EV:  9    Int: 14    God:    Lugonu [**....]
Gold:   123        SH:  0    Dex: 12    Spells: 0 memorised, 3 levels left

rFire  + . .     SeeInvis .     a - +2 falchion
rCold  . . .     Gourm    .     h - +0 leather armour {rF+}
rNeg   . . .     Faith    .     b - +0 shield
rPois  .         Spirit   .     (no helmet)
rElec  .         Dismiss  .     i - +0 cloak
rCorr  .         Reflect  .     (no gloves)
SustAt +         Harm     .     (no boots)
MR     .....                    (no amulet)
Stlth  +.........               (no ring)
                                d - ring of sustain attributes

@: confused, not resistant to hostile enchantments, very unstealthy
A: claws 1, powered by death 1
a: Depart the Abyss, Bend Space, Renounce Religion


You were on level 3 of the Dungeon.
You worshipped Lugonu.
Lugonu was pleased with you.
You were not hungry.

You visited 1 branch of the dungeon, and saw 3 of its levels.
You visited the Abyss 1 time.

You collected 123 gold pieces.

Inventory:

Hand Weapons
 a - a +2 falchion (weapon)
Missiles
 e - 6 javelins (quivered)
 j - 24 arrows
Armour
 b - a +0 shield (worn)
 h - a +0 leather armour of fire resistance (worn)
 i - a +0 cloak (worn)
Jewellery
 d - a ring of sustain attributes (left claw)
Scrolls
 f - a scroll of remove curse
 g - a scroll of noise
Potions
 l - a potion of mutation
Books
 m - a book of Unlife

   Spells                             Type                      Level
   a - Recall                         Summoning/Translocation      3
   b - Animate Dead                   Necromancy                   4
   c - Control Undead                 Necromancy                   4
   d - Cigotuvi's Embrace             Necromancy                   5
   e - Death Channel                  Necromancy                   6
   f - Simulacrum                     Ice/Necromancy               6
Comestibles
 c - 3 bread rations
 k - a meat ration


   Skills:
 + Level 4.0 Fighting
 * Level 2.9 Long Blades
 + Level 0.3 Throwing
 + Level 2.1 Armour
 + Level 1.8 Dodging
 * Level 1.0 Shields
 + Level 2.5 Invocations


You had 3 spell levels left.
You didn't know any spells.

Dungeon Overview and Level Annotations

Branches:
Dungeon (3/15)

Altars:
Ashenzari
Kikubaaqudgha
Pakellas
Qazlal
Zin

Shops:
D:2 *


Innate Abilities, Weirdness & Mutations

You have sharp fingernails.
You regenerate a little health from kills.


Message History

The orc priest casts a cantrip, but nothing happens.
You bump into the rock wall.
Something hits you.
You hit something.
An orc wizard appears from thin air!
Reactivating autopickup.
The orc wizard hits you with an enchanted dagger.
You barely miss the orc wizard.
The orc wizard is lightly wounded.
The orc wizard hits you with an enchanted dagger.
* * * LOW HITPOINT WARNING * * *
You miss the orc wizard.
The orc wizard is lightly wounded.
The orc wizard hits you but does no damage. x2
You miss the orc wizard.
The orc wizard is lightly wounded.
The orc wizard gestures at you while chanting.
The puff of flame hits you! You resist.
* * * LOW HITPOINT WARNING * * *
The orc priest calls down the wrath of Beogh upon you.
Beogh smites you!
You die...

#............#.####### #.
#.#####........# ##>## #.
#..........##.## 8...8 ####.
#.#######...#.###.....##....
##.## ###.#..#_....._#.#..
##...## #.#####.....##....
##.....#######.#####8$..8####..
#.................# ##.
##.....<######@#### #. ##.....#
#o### #. ##.#..# #o).# #.
#.#..# ###.## ## #.#..# #....##
#.#..# ##.((..### #.#..#
#........# #.#..# #......(#.#
#.)....## ..


You could see an orc priest and an orc wizard.

Vanquished Creatures
  Crazy Yiuf (D:3)
  3 adders
  An ooze (D:3)
  3 dart slugs
  2 giant geckos
  3 orcs (D:3)
  2 ball pythons
  2 giant cockroaches
  5 goblins
  10 hobgoblins
  2 jackals (D:2)
  9 kobolds
  3 quokkas
  4 bats
  3 giant newts
  4 rats (D:1)
57 creatures vanquished.

Notes
Turn   | Place    | Note
--------------------------------------------------------------
     0 | Abyss:1  | SlimeFever the Demonspawn Abyssal Knight began the quest for the Orb.
     0 | Abyss:1  | Reached XP level 1. HP: 18/18 MP: 2/2
    19 | Abyss:1  | Noticed a thrashing horror
    23 | D:1      | Escaped the Abyss
   348 | D:1      | Reached * piety under Lugonu
   440 | D:1      | Gained mutation: You regenerate a little health from kills. [demonic ancestry]
   440 | D:1      | Reached XP level 2. HP: 2/24 MP: 3/3
   658 | D:1      | You fall through a shaft!
   937 | D:1      | Reached skill level 1 in Dodging
   975 | D:1      | Gained mutation: You have sharp fingernails. [demonic ancestry]
   975 | D:1      | Reached XP level 3. HP: 18/30 MP: 4/4
  1170 | D:2      | Found Zin's Purification Station.
  1171 | D:2      | Found a glowing silver altar of Zin.
  1261 | D:2      | Reached ** piety under Lugonu
  1287 | D:2      | Found a shattered altar of Ashenzari.
  1292 | D:2      | Reached skill level 4 in Fighting
  1571 | D:2      | Reached XP level 4. HP: 34/37 MP: 5/5
  1654 | D:3      | Found a stormy altar of Qazlal.
  1657 | D:3      | Found an ancient bone altar of Kikubaaqudgha.
  1671 | D:3      | Found an oddly glowing altar of Pakellas.
  1710 | D:3      | Noticed Crazy Yiuf
  1718 | D:3      | Killed Crazy Yiuf
  1929 | D:3      | Reached skill level 1 in Shields
  2007 | D:3      | Killed from afar by an orc priest

Vault maps used:
D:1:      dpeg_arrival_renting
D:2:      evilmike_ruin_ashenzari, zin_purify, grunt_decor_resistance
D:3:      nicolae_overflow_hidden_temple, first_bread, grunt_pakellas_mercury,
          uniq_iyjb, uniq_crazy_yiuf_cottage

Skill      XL: |  1  2  3  4 |
---------------+-------------+-----
Dodging        | 1 |  1.8
Long Blades    | 2 |  2.9
Armour         | 2 |  2.1
Fighting       | 4 |  4.0
Shields        | 1 |  1.0
Throwing       | |  0.3
Invocations    | |  2.5

Action                   |  1- 3 |  4- 6 || total
-------------------------+-------+-------++-------
Melee: Falchion          |   114 |    69 ||   183
Throw: Javelin           |       |     4 ||     4
Invok: Depart the Abyss  |     1 |       ||     1
  Use: Scroll            |     5 |     1 ||     6
       Potion            |       |     1 ||     1
  Eat: Bread ration      |     1 |       ||     1
